 Dungeon Crawl Stone Soup version 0.31.0-11-ge490571c62 (webtiles) character file.

Game seed: 5674499937812285504

37 qw the Shooter (level 3, 0/20 HPs)
             Began as a Deep Elf Hunter on Feb 3, 2024.
             Succumbed to their own poison gas
             ... on level 2 of the Dungeon.
             The game lasted 00:00:04 (1177 turns).

qw the Shooter (Deep Elf Hunter)                    Turns: 1177, Time: 00:00:04

Health: 0/20       AC:  6    Str:  9 (10) XL:     3   Next: 23%
Magic:  5/5        EV: 10    Int: 10 (13) God:
Gold:   82         SH:  0    Dex: 16 (18) Spells: 2/2 levels left

rFire   . . .        a - +0 shortbow
rCold   . . .        (shield currently unavailable)
rNeg    . . .        d - +0 ring mail
rPois   .            (no helmet)
rElec   .            (no cloak)
rCorr   .            f - +0 pair of gloves
SInv    .            (no boots)
Will    .....        (no amulet)
Stlth   +            (no ring)
HPRegen 0.23/turn    (no ring)
MPRegen 0.09/turn

%: no passive effects
@: lethally poisoned (0 -> -5)
A: no striking features
a: no special abilities


You were on level 2 of the Dungeon.
You visited 1 branch of the dungeon, and saw 2 of its levels.

You collected 82 gold pieces.


   Skills:
 - Level 1.5 Fighting
 + Level 6.8 Ranged Weapons
 - Level 2.4 Dodging
 - Level 1.2 Stealth


You had 2 spell levels left.
You didn't know any spells.
Your spell library was empty.

Inventory:

Hand Weapons
 a - a +0 shortbow (weapon)
Armour
 d - a +0 ring mail (worn)
 f - a +0 pair of gloves (worn)
Scrolls
 h - 2 scrolls of teleportation
Potions
 i - a potion of enlightenment
 j - a potion of heal wounds {unknown}
 l - a potion of brilliance {unknown}

Dungeon Overview and Level Annotations

Branches:
Dungeon (2/15)

Altars:

Shops:
D:2 [


Message History

1168 ||| IDENTIFYING lumpy pink potion;
e - a potion of ambrosia Done exploring.
1169 ||| READING scroll of identify.
1169 ||| IDENTIFYING silvery potion
As you read the scroll of identify, it crumbles to dust.
i - a potion of enlightenment Done exploring.
1170 ||| DRINKING 2 bubbling black potions.
It was a potion of degeneration.
There was something very wrong with that liquid.
You feel weakened.
You feel dopey.
You feel clumsy.
Done exploring.
1171 ||| DROPPING potion of ambrosia.
You drop a potion of ambrosia.
Done exploring.
1172 ||| DROPPING potion of degeneration.
You drop a potion of degeneration.
Done exploring.
What level of the Dungeon? (default 2, ? - help) Sorry, I don't know how to get there.
Enter note:
Enter note:
Enter note:
Enter note:
Enter note:
Enter note:
Enter note:
Enter note:
Enter note: You are engulfed in poison gas.
You are poisoned.
You feel very sick.
1174 ||| Stepping ~*~*~tactically~*~*~ (cloud).
You feel very sick.
Things that are here:
a potion of degeneration; a potion of ambrosia
There is a lethal amount of poison in your body!
You feel very sick.
There is a lethal amount of poison in your body!
You feel sick.
There is a lethal amount of poison in your body!
You die...

#......%.#
######...#######.###..
#........### #¤#.###
##.# #^. ########...##
#0#...####..###..
###..#
#0##.........####
##.## #.##.........#
#..# #0##.........#
##.####¤##.........#
#...##0##..)>....%#
###00@.##.........#
###.0##.........#
#0¤##.........#
#.¤##.........#
#####.........#
###########


There were no monsters in sight!

Vanquished Creatures
  A ribbon worm (D:2)
  A dart slug (D:2)
  An endoplasm (D:2)
  2 giant cockroaches
  2 goblins
  A hobgoblin (D:1)
  5 quokkas
  7 ball pythons
  2 bats (D:2)
  5 frilled lizards
  3 kobolds
  A rat (D:1)
31 creatures vanquished.

Notes
Turn   | Place    | Note
-------+----------+-------------------------------------------
     0 | D:1      | qw the Deep Elf Hunter began the quest for the Orb.
     0 | D:1      | Reached XP level 1. HP: 12/12 MP: 3/3
     0 | D:1      | 0 ||| qw: Version: 0.3-a-157-g843a77d
     0 | D:1      | 0 ||| qw: Game counter: 3915
     0 | D:1      | 0 ||| qw: Melee chars always use a shield: true
     0 | D:1      | 0 ||| qw: God list: Okawaru
     0 | D:1      | 0 ||| qw: Allow faded altars: false
     0 | D:1      | 0 ||| qw: Do Orc after clearing Dungeon:15 true
     0 | D:1      | 0 ||| qw: Do second Lair branch before Depths: true
     0 | D:1      | 0 ||| qw: Lair rune preference: random
     0 | D:1      | 0 ||| qw: Goals: Normal
     0 | D:1      | 0 ||| PLANNING D:1-11
   271 | D:1      | Found a faded altar of an unknown god.
   294 | D:1      | Reached skill level 6 in Ranged Weapons
   294 | D:1      | Reached XP level 2. HP: 16/16 MP: 4/4
   813 | D:1      | 813 ||| UPGRADING to +0 ring mail.
   823 | D:1      | 823 ||| DROPPING +0 leather armour.
   824 | D:1      | 824 ||| UPGRADING to +0 pair of gloves.
   829 | D:1      | 829 ||| READING 4 scrolls labelled VUMEPAMIKK.
   830 | D:1      | 830 ||| READING 2 scrolls labelled IDIPSO UHEULLI.
   834 | D:1      | 834 ||| READING scroll labelled VAETAMPORUZ.
   835 | D:1      | 835 ||| DROPPING scroll of butterflies.
   836 | D:1      | 836 ||| DROPPING 3 scrolls of amnesia.
   899 | D:2      | Identified the +8 dagger of Efeez {antimagic, Fly}
   930 | D:2      | Found Myutuit's Armour Boutique.
   943 | D:2      | 943 ||| SHOPLISTING +0 swamp dragon scales (600 gold, have
                  | 70).
   974 | D:2      | Reached XP level 3. HP: 20/20 MP: 5/5
  1166 | D:2      | 1166 ||| READING scroll labelled TAXZYIK SUYLOJUY.
  1167 | D:2      | 1167 ||| READING scroll labelled UJACETIRO.
  1168 | D:2      | 1168 ||| READING 2 scrolls labelled KEIQ HOBIASE.
  1168 | D:2      | 1168 ||| IDENTIFYING lumpy pink potion
  1169 | D:2      | 1169 ||| READING scroll of identify.
  1169 | D:2      | 1169 ||| IDENTIFYING silvery potion
  1170 | D:2      | 1170 ||| DRINKING 2 bubbling black potions.
  1171 | D:2      | 1171 ||| DROPPING potion of ambrosia.
  1172 | D:2      | 1172 ||| DROPPING potion of degeneration.
  1174 | D:2      | 1174 ||| Stepping ~*~*~tactically~*~*~ (cloud).
  1175 | D:2      | HP: 3/20 [poisoned by you (poison gas)]
  1176 | D:2      | HP: 1/20 [poisoned by you (poison gas)]
  1177 | D:2      | Succumbed to their own poison gas

Levels and vault maps discovered:
D:1:      nzn_arrival_crosshair, layout_basic,
          nicolae_ecumenical_snake_handling, fountainhead
D:2:      layout_rooms, serial_shops, shop

Skill      XL: |  1 |
---------------+----+-----
Ranged Weapons | 6 |  6.8
Fighting       | |  1.5
Dodging        | |  2.4
Stealth        | |  1.2

Action                     || total
---------------------------++-------
   Fire: Shortbow          ||    65
    Use: Scroll            ||     7
         Potion            ||     1
 Armour: Leather armour    ||     3
         Ring mail         ||     4
  Dodge: Dodged            ||     2

Table legend:
 A = Non-vault XP
 B = Vault XP
 C = Vault XP percentage of total XP
 D = Non-vault monster count
 E = Vault monster count
 F = Vault count percentage of total count
                 A         B        C        D         E       F
            +---------+---------+-------+---------+---------+-------
      Total |      47 |       7 |  13.0 |      27 |       4 |  12.9
            +---------+---------+-------+---------+---------+-------
        D:1 |      15 |       7 |  31.8 |      10 |       4 |  28.6
        D:2 |      32 |       0 |   0.0 |      17 |       0 |   0.0
            +---------+---------+-------+---------+---------+-------
